AoeStats
← Souk à Belettes

Arabian Desert

508668605Analyzed
1v1 RM · 8d ago on Sep 23, 2026· 23m 7s· 2 players
Game mode
Random Map
Map size
Tiny (2 player)
Population
200
Speed
Normal
Resources
Standard
Victory
Conquest
Starting age
Dark Age
Ending age
Imperial Age
RankedLock teamsTeams togetherTeam positionsShared explorationLock speedFull tech treeHidden civsTurbo modeCheats
Victory
Defeat
🇨🇭 Mongols · Switzerland
1101
+17
🇫🇮 Persians · Finland
1113
-17
Souk à Belettes
6:08 Loom
9:12 Feudal Age
9:48 Double-Bit Axe
20:37 Castle Age
19:43 Bloodlines
19:59 Gold Mining
21:02 Forging
pekkis
5:34 Loom
14:06 Feudal Age
15:00 Town Watch
15:51 Wheelbarrow
20:11 Castle Age
20:17 Stone Mining
Connection lost

Rejoining the realm…

Still unreachable

The connection could not be restored.

Session expired

The server has moved on; the page needs a fresh start.